 Dungeon Crawl Stone Soup version 0.28-a0-973-ga7f8b01127 (webtiles) character file.

Game seed: 4760664449977684699

113 enile the Sneak (level 4, -12/42 HPs)
             Began as a Naga Enchanter on Dec 1, 2021.
             Mangled by a gnoll (14 damage)
             ... on level 3 of the Dungeon.
             The game lasted 00:08:07 (3788 turns).

enile the Sneak (Naga Enchanter)                    Turns: 3788, Time: 00:08:08

Health: -12/42     AC:  2    Str: 16    XL:     4   Next: 96%
Magic:  6/7        EV:  9    Int: 18    God:
Gold:   96         SH:  0    Dex: 11    Spells: 2/7 levels left

rFire   . . .      SeeInvis +   a - +1 dagger
rCold   . . .      Faith    .   (no shield)
rNeg    . . .      Spirit   .   b - +0 robe
rPois   +          Reflect  .   (no helmet)
rElec   .          Harm     .   (no cloak)
rCorr   .          Rampage  .   (no gloves)
Will    .....                   (no barding)
Stlth   +++.......              j - amulet of magic regeneration
HPRegen 0.14/turn               m - +6 ring of strength
MPRegen 0.50/turn               (no ring)

@: very slow
A: AC +1, large, see invisible, deformed body, poison resistance, slowness 2,
spit poison 1, naga tail 1
a: Spit Poison


You were on level 3 of the Dungeon.
You visited 1 branch of the dungeon, and saw 3 of its levels.

You collected 96 gold pieces.

Inventory:

Hand Weapons
 a - a +1 dagger (weapon)
Missiles
 f - 5 boomerangs (quivered)
 n - 14 poisoned darts
Armour
 b - a +0 robe (worn)
Jewellery
 j - an amulet of magic regeneration (around neck)
 m - a +6 ring of strength (left hand)
Scrolls
 g - 2 scrolls of identify
 h - a scroll of teleportation
 i - 2 scrolls of noise {unknown}
 k - 2 scrolls of fear
 o - a scroll of immolation
Potions
 c - a potion of invisibility
 d - a potion of resistance
 e - a potion of haste {unknown}
 l - a potion of degeneration {unknown}


   Skills:
 - Level 3.0 Fighting
 + Level 1.9 Short Blades
 - Level 1.5 Dodging
 - Level 5.0 Stealth
 - Level 2.0 Spellcasting
 - Level 3.0 Hexes
 - Level 2.0 Ice Magic


You had 2 spell levels left.
You knew the following spells:

 Your Spells              Type           Power      Damage    Failure   Level
a - Ensorcelled Hibernat  Hex/Ice        20%        N/A       10%         2
b - Confusing Touch       Hex            12%        N/A       16%         3

Your spell library contained the following spells:

 Spells                   Type           Power      Damage    Failure   Level
 Tukima's Dance           Hex            12%        N/A       16%         3
 Dazzling Flash           Conj/Hex       14%        N/A       28%         3


Dungeon Overview and Level Annotations

Branches:
Dungeon (3/15)

Altars:


Innate Abilities, Weirdness & Mutations

Your serpentine skin is tough. (AC +1)
You have supernaturally acute eyesight. (SInv)
Armour fits poorly on your strangely shaped body.
Your system is resistant to poisons. (rPois)
You cover ground very slowly.
You can spit poison.
You have a snake-like lower body.


Message History

Press: ? - help, Shift-Dir - straight line, f - gnoll
Aim: a gnoll, wielding a +0 whip (chance to affect: 50%)
The gnoll resists with some effort.
The gnoll hits you with a +0 whip.
Casting: Ensorcelled Hibernation (safe; 10% risk of failure)
Confirm with . or Enter, or press ? or * to list all spells.
Aiming: Ensorcelled Hibernation (safe; 10% risk of failure)
Press: ? - help, Shift-Dir - straight line, f/p - gnoll
Aim: a gnoll, wielding a +0 whip (chance to affect: 50%)
The gnoll resists with some effort.
The gnoll barely misses you.
Casting: Ensorcelled Hibernation (safe; 10% risk of failure)
Confirm with . or Enter, or press ? or * to list all spells.
Aiming: Ensorcelled Hibernation (safe; 10% risk of failure)
Press: ? - help, Shift-Dir - straight line, f/p - gnoll
Aim: a gnoll, wielding a +0 whip (chance to affect: 50%)
The gnoll resists with some effort.
The gnoll hits you with a +0 whip.
The gnoll shouts!
A quokka comes into view.
Press: ? - help, Shift-Dir - straight line, f - gnoll
Aim: a gnoll, wielding a +5 flail The splash of poison hits the gnoll!
The gnoll is poisoned.
The gnoll is heavily wounded.
The gnoll hits you with a +5 flail!
Unknown command.
Casting: Ensorcelled Hibernation (safe; 10% risk of failure)
Confirm with . or Enter, or press ? or * to list all spells.
Okay, then.
Casting: Ensorcelled Hibernation (safe; 10% risk of failure)
Confirm with . or Enter, or press ? or * to list all spells.
Your hands begin to glow red.
The gnoll hits you with a +5 flail!
You have got your breath back.
The gnoll hits you from afar with a +0 halberd!
You hit the gnoll but do no damage.
The gnoll appears confused.
The gnoll is almost dead.
The gnoll hits you from afar with a +0 halberd.
* * * LOW HITPOINT WARNING * * *
The gnoll hits you with a +5 flail!
* * * LOW HITPOINT WARNING * * *
You kill the gnoll!
The gnoll hits you from afar with a +0 halberd!
You die...

#.### #. #..# #.
##########.###.
######.#.#.#.#......
#..............####.
#########.####.#.#.#.###
#. #.......#.# #########
#. #)..†.#.#.#########
.. #....g#.gg.@.......
.. #.#.#g##..########.
#. #.....##..# #.
#...g.##..# #.#.#.##..#
#.....##..# #...r.##..#
#.#.#.##..# #.....#


You could see 2 gnolls.

Vanquished Creatures
  An iguana (D:3)
  A gnoll (D:3)
  An adder (D:2)
  A worm (D:3)
  3 dart slugs
  An orc (D:3)
  5 ball pythons
  9 bats
  4 endoplasms
  4 giant cockroaches
  2 goblins
  9 hobgoblins
  A jackal (D:1)
  4 quokkas
  3 frilled lizards
  5 kobolds
  4 rats (D:1)
58 creatures vanquished.

Notes
Turn   | Place    | Note
-------+----------+-------------------------------------------
     0 | D:1      | enile the Naga Enchanter began the quest for the Orb.
     0 | D:1      | Reached XP level 1. HP: 15/15 MP: 3/3
   338 | D:1      | Reached skill level 1 in Fighting
   619 | D:1      | Reached XP level 2. HP: 19/25 MP: 5/5
   621 | D:1      | Reached skill level 5 in Stealth
   694 | D:1      | Learned a level 2 spell: Ensorcelled Hibernation
  1149 | D:1      | Reached XP level 3. HP: 32/32 MP: 3/6
  1317 | D:1      | Reached skill level 1 in Ice Magic
  2758 | D:2      | Reached XP level 4. HP: 39/39 MP: 4/7
  3552 | D:3      | Learned a level 3 spell: Confusing Touch
  3786 | D:3      | HP: 2/42 [gnoll (7)]
  3788 | D:3      | Mangled by a gnoll

Illustrated notes

Levels and vault maps discovered:
D:1:      evilmike_arrival_rings, layout_basic, chequers_decorated_corner,
          minmay_tall_x
D:2:      layout_basic
D:3:      layout_loops_ring, minmay_misc_feat_hallway, grunt_ministairs_7,
          columned_hall_lemuel, kennysheep_generic_room_9

Skill      XL: |  1  2  3  4 |
---------------+-------------+-----
Fighting       | 1 2 3 |  3.0
Stealth        | 5 |  5.0
Ice Magic      | 2 |  2.0
Short Blades   | |  1.9
Dodging        | |  1.5
Spellcasting   | |  2.0
Hexes          | |  3.0

Action                   |  1- 3 |  4- 6 || total
-------------------------+-------+-------++-------
Melee: Dagger            |   108 |    40 ||   148
Throw: Boomerang         |     6 |       ||     6
 Cast: Ensorcelled Hiber |    25 |    18 ||    43
       Confusing Touch   |       |     3 ||     3
 Abil: Spit Poison       |     4 |     3 ||     7
  Use: Scroll            |       |     3 ||     3
       Potion            |       |     1 ||     1
 Stab: Sleeping          |    21 |    11 ||    32
       Confused          |       |     1 ||     1
Armor: Robe              |    27 |     7 ||    34
Dodge: Dodged            |    64 |    17 ||    81

Table legend: (Time is in decaauts)
 A = Elapsed time spent in this place.
 B = Non-inter-level travel time spent in this place.
 C = Inter-level travel time spent in this place.
 D = Time resting spent in this place.
 E = Time spent auto-exploring this place.
 F = Levels seen in this place.
 G = Mean time per level.
                   A        B        C        D        E       F      G
               +--------+--------+--------+--------+--------+-----+--------+
         Total |   4417 |   4364 |     53 |      0 |   3787 |   3 | 1472.3 |
       Dungeon |   4417 |   4364 |     53 |      0 |   3787 |   3 | 1472.3 |
               +--------+--------+--------+--------+--------+-----+--------+

Top non-repeatable levels by time:
     D:1: 1950 daAuts
     D:2: 1473 daAuts
     D:3: 993 daAuts
